 Dungeon Crawl Stone Soup version 0.26.0-10-g1f06aea511 (webtiles) character file.

Game seed: 7763346290750749858

200 septik the Chopper (level 5, -3/47 HPs)
             Began as a Minotaur Berserker on Jan 29, 2021.
             Was a Believer of Trog.
             Slain by Sigmund
             ... wielding a +2 scythe of protection
              (10 damage)
             ... on level 3 of the Dungeon.
             The game lasted 00:03:08 (1885 turns).

septik the Chopper (Minotaur Berserker)             Turns: 1885, Time: 00:03:08

Health: -3/47      AC: 12    Str: 22    XL:     5   Next: 48%
Magic:  4/4        EV:  7    Int: 10    God:    Trog [**....]
Gold:   167        SH:  0    Dex: 10    Spells: 4/4 levels left

rFire    . . .     SeeInvis .   a - +0 hand axe
rCold    . . .     Faith    .   (no shield)
rNeg     . . .     Spirit   .   m - +0 plate armour
rPois    .         Reflect  .   (helmet restricted)
rElec    .         Harm     .   (no cloak)
rCorr    .         Rampage  .   (no gloves)
Will     .....                  p - +0 pair of boots
Stlth    ..........             (no amulet)
HPRegen  0.15/turn              q - +6 ring of intelligence
MPRegen  0.09/turn              (no ring)

@: berserk cooldown
A: retaliatory headbutt, horns 2
a: Renounce Religion, Berserk, Trog's Hand


You were on level 3 of the Dungeon.
You worshipped Trog.
Trog was pleased with you.
You visited 1 branch of the dungeon, and saw 3 of its levels.

You collected 167 gold pieces.

Inventory:

Hand Weapons
 a - a +0 hand axe (weapon)
Armour
 i - a +0 chain mail
 m - a +0 plate armour (worn)
 p - a +0 pair of boots (worn)
Jewellery
 q - a +6 ring of intelligence (left hand)
Scrolls
 c - a scroll of amnesia {unknown}
 e - a scroll of noise {unknown}
 g - 2 scrolls of identify {unknown}
 h - 2 scrolls of enchant weapon {unknown}
 j - 3 scrolls of remove curse {unknown}
 k - 2 scrolls of teleportation {unknown}
 n - 2 scrolls of magic mapping {unknown}
 o - a scroll of fear {unknown}
Potions
 b - a potion of invisibility {unknown}
 d - 2 potions of haste {unknown}
 f - a potion of brilliance {unknown}
 l - 2 potions of flight {unknown}
 r - 2 potions of mutation {unknown}


   Skills:
 + Level 4.6 Fighting
 * Level 5.6 Axes
 + Level 3.6 Armour
 + Level 3.4 Dodging


You had 4 spell levels left.
You didn't know any spells.
Your spell library was empty.

Dungeon Overview and Level Annotations

Branches:
Dungeon (3/15)

Altars:

Annotations:
D:3 Sigmund


Innate Abilities, Weirdness & Mutations

You reflexively headbutt those who attack you in melee.
You have a pair of horns on your head.


Message History

You miss something. Something hits you but does no damage.
You hit something but do no damage. You barely miss something.
Something hits you.
You miss something. Your headbutt misses something. Something hits you!
* * * LOW HITPOINT WARNING * * *
You hit something. You headbutt something. You closely miss something.
Something hits you but does no damage.
You miss something. Something hits you.
* * * LOW HITPOINT WARNING * * *
You barely miss something. You headbutt something! You closely miss something.
You headbutt something.
Sigmund appears from thin air!
Reactivating autopickup.
Sigmund points at himself and mumbles some strange words.
Sigmund flickers and vanishes!
Deactivating autopickup; reactivate with Ctrl-A.
You hit something but do no damage. You headbutt something!
Something hits you but does no damage.
You hit something. Something hits you!
You die...

.#.....#.#.# #.#
.#.#...#.#.# #.#
.#.....#.#.# #.#
.#.......#.# #.#
.#..#..###.# #.#
.#.....# #.# #.#
####..####.# #.#
...).......# #.#
#####.###### #@#
...........# #{#
#####.####.# #.#
#.####+#####.#
#....[.....#.#
#..........#.#
#####..........#.#
...............#.#
.....>.........#.#


There were no monsters in sight!

Vanquished Creatures
  An orc priest (D:3)
  Jessica (D:2)
  Terence (D:2)
  Robin (D:2)
  3 adders
  2 oozes
  A worm (D:2)
  2 dart slugs
  A leopard gecko (D:2)
  5 orcs (D:3)
  2 ball pythons (D:1)
  11 goblins
  4 hobgoblins
  3 jackals (D:1)
  8 bats
  A frilled lizard (D:2)
  8 kobolds
  9 rats
64 creatures vanquished.

Notes
Turn   | Place    | Note
-------+----------+-------------------------------------------
     0 | D:1      | septik the Minotaur Berserker began the quest for the Orb.
     0 | D:1      | Reached XP level 1. HP: 19/19 MP: 0/0
   151 | D:1      | Reached XP level 2. HP: 23/27 MP: 1/1
   156 | D:1      | Reached skill level 4 in Axes
   760 | D:1      | Reached XP level 3. HP: 28/33 MP: 2/2
   830 | D:2      | Noticed Jessica
   837 | D:2      | Killed Jessica
   883 | D:2      | Noticed Robin
   890 | D:2      | Reached ** piety under Trog
   897 | D:2      | Killed Robin
   898 | D:2      | Reached XP level 4. HP: 34/40 MP: 3/3
  1016 | D:2      | Noticed Terence
  1026 | D:2      | Killed Terence
  1027 | D:2      | Reached skill level 5 in Axes
  1257 | D:2      | Reached XP level 5. HP: 34/47 MP: 4/4
  1803 | D:3      | Noticed Sigmund
  1885 | D:3      | Slain by Sigmund

Illustrated notes

Levels and vault maps discovered:
D:1:      scummos_arrival_simple_crosswalls, layout_basic,
          chequers_serial_rivers_marsh
D:2:      layout_rooms, uniq_jessica, uniq_terence, uniq_robin
D:3:      layout_basic, cheibrodos_ashenzari_chains, uniq_natasha, uniq_sigmund

Skill      XL: |  1  2  3  4 |
---------------+-------------+-----
Axes           | 4 5 |  5.6
Fighting       | 4 |  4.6
Armour         | 3 |  3.6
Dodging        | 3 |  3.4

Action                   |  1- 3 |  4- 6 || total
-------------------------+-------+-------++-------
Melee: Hand axe          |    60 |    89 ||   149
       Headbutt          |     7 |    13 ||    20
Invok: Berserk           |     1 |     3 ||     4
       Trog's Hand       |       |     1 ||     1
Armor: Animal skin       |     5 |       ||     5
       Chain mail        |    17 |       ||    17
       Plate armour      |       |    60 ||    60
Dodge: Dodged            |    47 |    21 ||    68
